 Dungeon Crawl Stone Soup version 0.30-a0-949-g53dc5368d7 (webtiles) character file.

Game seed: 5394286103502579240

12 qeuew the Trooper (level 2, 16/21 HPs)
             Began as a Demonspawn Chaos Knight on Mar 27, 2023.
             Was a Plaything of Xom.
             Quit the game on level 1 of the Dungeon.
             The game lasted 00:00:37 (382 turns).

qeuew the Trooper (Demonspawn Chaos Knight)          Turns: 382, Time: 00:00:38

Health: 16/21      AC:  5    Str: 11    XL:     2   Next: 20%
Magic:  2/2        EV: 11    Int: 17    God:    Xom [.*....]
Gold:   47         SH:  0    Dex: 11    Spells: 1/1 levels left

rFire   . . .      SeeInvis .    a - +0 mace (chaos)
rCold   . . .      Faith    .    (no shield)
rNeg    . . .      Spirit   .    b - +2 leather armour
rPois   .          Reflect  .    (no helmet)
rElec   .          Rampage  .    (no cloak)
rCorr   .                        (no gloves)
Will    .....                    (no boots)
Stlth   +                        (no amulet)
HPRegen 0.23/turn                (no ring)
MPRegen 0.08/turn                (no ring)

@: no status effects
A: claws 1, clever 1, frail 1
a: Renounce Religion


You were on level 1 of the Dungeon.
You worshipped Xom.
You were a plaything of Xom.
You visited 1 branch of the dungeon, and saw 1 of its levels.

You collected 47 gold pieces.

Inventory:

Hand Weapons
 a - a +0 mace of chaos (weapon)
Armour
 b - a +2 leather armour (worn)
Scrolls
 d - a scroll of immolation {unknown}
 f - a scroll of vulnerability {unknown}
Potions
 e - a potion of lignification {unknown}
Miscellaneous
 c - a piece from Xom's chessboard (15/15) (quivered)


   Skills:
 * Level 3.2 Fighting
 * Level 2.8 Maces & Flails
 * Level 2.1 Armour
 + Level 1.0 Dodging
 + Level 0.2 Evocations


You had one spell level left.
You didn't know any spells.
Your spell library was empty.

Dungeon Overview and Level Annotations

Branches:
Dungeon (1/15)

Altars:


Innate Abilities, Weirdness & Mutations

You have sharp fingernails.
Your mind is acute. (Int +4, Str/Dex -1)
You are frail. (-10% HP)


Message History

No target in view!
Unknown command.
An endoplasm comes into view.
An endoplasm is nearby!
An endoplasm is nearby!
Unknown command.
An endoplasm is nearby!
You sock the endoplasm!
You kill the endoplasm!
Unknown command.
A kobold comes into view. It is wielding a +0 dagger.
The kobold shouts!
You hear a bark!
A rat comes into view.
The rat moves out of view.
A kobold is nearby!
Unknown command.
A kobold is nearby!
You barely miss the kobold.
The kobold hits you with a +0 dagger. x2
A kobold is nearby!
You hit the kobold but do no damage. The kobold hits you but does no damage.
Unknown command.
A kobold is nearby!
You hit the kobold.
You feel better.
The kobold is moderately wounded.
The kobold hits you but does no damage.
A kobold is nearby!
Unknown command.
You barely miss the kobold.
The kobold is moderately wounded.
The kobold hits you with a +0 dagger.
A kobold is nearby!
Are you sure you want to abandon this character and quit the game? (Confirm with "yes".)
Okay, then.
Unknown command.
Unknown command.
Unknown command.
Unknown command.
Unknown command.
Unknown command.
Are you sure you want to abandon this character and quit the game? (Confirm with "yes".)

#### #.# ...# ##.# ♣
...#########..####.#
.............#.....# .##
.............##.###.....
.............###........
#####......).##.###.###.
.....##..#...#..###.##..
.......##.......@K.....♣
.........#......######..
.<........#.....#
#..........#..###
.#.........#.##
.....[.)...#.#
............##
.............#
..........(..#


You could see a kobold.

Vanquished Creatures
  A ball python (D:1)
  An endoplasm (D:1)
  A giant cockroach (D:1)
  2 goblins (D:1)
  A hobgoblin (D:1)
  A quokka (D:1)
  A bat (D:1)
  3 rats (D:1)
11 creatures vanquished.

Vanquished Creatures (others)
  A plant (D:1)
1 creature vanquished.

Grand Total: 12 creatures vanquished

Notes
Turn   | Place    | Note
-------+----------+-------------------------------------------
     0 | D:1      | qeuew the Demonspawn Chaos Knight began the quest for the
                  | Orb.
     0 | D:1      | Reached XP level 1. HP: 18/18 MP: 1/1
    39 | D:1      | XOM: divination: detect items
   134 | D:1      | Reached skill level 1 in Dodging
   219 | D:1      | Gained mutation: You have sharp fingernails. [demonic
                  | ancestry]
   219 | D:1      | Reached XP level 2. HP: 19/24 MP: 2/2
   306 | D:1      | XOM: 1-stop teleportation journey
   334 | D:1      | XOM: give mutations
   334 | D:1      | Gained mutation: Your mind is acute. (Int +4, Str/Dex -1)
                  | [Xom's mischief]
   334 | D:1      | Gained mutation: You are frail. (-10% HP) [Xom's mischief]
   382 | D:1      | Quit the game

Illustrated notes

Levels and vault maps discovered:
D:1:      dpeg_arrival_solitude, layout_loops_ring, serial_forest,
          infiniplex_forest_clump_long, infiniplex_forest_lined_room_3,
          infiniplex_forest_diagonal, infiniplex_forest_lined_corner,
          infiniplex_forest_clump_cross, infiniplex_forest_clump_small,
          infiniplex_forest_end_1, infiniplex_forest_lined_4_way

Skill      XL: |  1 |
---------------+----+-----
Dodging        | 1 |  1.0
Armour         | 2 |  2.1
Fighting       | |  3.2
Maces & Flails | |  2.8
Evocations     | |  0.2

Action                     || total
---------------------------++-------
  Melee: Mace              ||    32
 Armour: Leather armour    ||    15
  Dodge: Dodged            ||    16

Table legend: (Time is in decaauts)
 A = Elapsed time spent in this place.
 B = Non-inter-level travel time spent in this place.
 C = Inter-level travel time spent in this place.
 D = Time resting spent in this place.
 E = Time spent auto-exploring this place.
 F = Levels seen in this place.
 G = Mean time per level.
                   A        B        C        D        E       F      G
               +--------+--------+--------+--------+--------+-----+--------+
         Total |    390 |    390 |      0 |      0 |    311 |   1 |  390.0 |
       Dungeon |    390 |    390 |      0 |      0 |    311 |   1 |  390.0 |
               +--------+--------+--------+--------+--------+-----+--------+

Top non-repeatable levels by time:
     D:1: 390 daAuts
